 Dungeon Crawl Stone Soup version 0.29-a0-598-gd8304a5bf4 (webtiles) character file.

Game seed: 18032964581914919890

4747 moldycheese5 the Carver (level 10, -7/77 HPs)
             Began as a Demonspawn Abyssal Knight on June 15, 2022.
             Was an Elder of Lugonu.
             Killed by the air
             ... invoked by Gastronok
              (31 damage)
             ... on level 9 of the Dungeon.
             The game lasted 00:44:22 (9727 turns).

moldycheese5 the Carver (Demonspawn Abyssal Knight) Turns: 9727, Time: 00:44:22

Health: -7/77      AC: 29    Str: 14    XL:     10   Next: 23%
Magic:  0/12       EV: 10    Int: 21    God:    Lugonu [****..]
Gold:   42         SH:  0    Dex: 13    Spells: 9/9 levels left

rFire   . . .      SeeInvis .   a - +1 falchion (protect)
rCold   . . .      Faith    .   (no shield)
rNeg    . . .      Spirit   +   p - +5 scale mail of Light {Str-3 Int+8}
rPois   .          Reflect  .   (helmet restricted)
rElec   .          Harm     .   (no cloak)
rCorr   .          Rampage  .   l - +2 pair of gloves
Will    +....                   (no boots)
Stlth   +.........              E - amulet of guardian spirit
HPRegen 0.22/turn               B - ring of willpower
MPRegen 0.13/turn               C - +4 ring of protection

@: under a protective aura
A: antennae 2, molten scales 1, spiny 2
a: Renounce Religion, Depart the Abyss, Bend Space, Banish, Corrupt


You were on level 9 of the Dungeon.
You worshipped Lugonu.
Lugonu was greatly pleased with you.
You visited 1 branch of the dungeon, and saw 9 of its levels.
You visited the Abyss 1 time.

You collected 476 gold pieces.
You spent 434 gold pieces at shops.

Inventory:

Hand Weapons
 a - a +1 falchion of protection (weapon)
 f - a +0 long sword
 s - a +3 dagger
 D - a +2 dagger of speed
Missiles
 j - a throwing net
Armour
 l - a +2 pair of gloves (worn)
 p - the +5 scale mail of Light (worn) {Str-3 Int+8}
   (You found it on level 2 of the Dungeon)

   Str:       It affects your strength (-3).
   Int:       It affects your intelligence (+8).
 q - a +2 scale mail of poison resistance
Jewellery
 B - a ring of willpower (left hand)
 C - a +4 ring of protection (right hand)
 E - an amulet of guardian spirit (around neck)
 I - a ring of resist corrosion
Wands
 v - a wand of digging (6)
 x - a wand of flame (65)
 F - a wand of polymorph (3)
Scrolls
 b - 2 scrolls of summoning
 c - a scroll of fog {unknown}
 k - 2 scrolls of teleportation
 n - 2 scrolls of blinking
 y - 2 scrolls of vulnerability
 z - a scroll of poison
 G - a scroll of fear
Potions
 d - 4 potions of curing
 e - 2 potions of flight
 h - 5 potions of mutation
 o - a potion of lignification
 t - a potion of brilliance
 u - a potion of berserk rage
 w - a potion of heal wounds
 A - a potion of might
 H - a potion of invisibility {unknown}
 J - a potion of resistance {unknown}
 K - a potion of cancellation
 L - a potion of ambrosia


   Skills:
 + Level 6.8 Fighting
 + Level 9.1 Long Blades
 + Level 8.0 Armour
 + Level 3.6 Dodging
 + Level 2.0 Stealth
 + Level 2.8 Invocations


You had 9 spell levels left.
You didn't know any spells.
Your spell library contained the following spells:

 Spells                   Type           Power      Damage    Failure   Level
 Sandblast                Erth           0%         2d4       52%         1
 Passwall                 Tmut/Erth      0%         N/A       67%         2
 Portal Projectile        Hex/Tloc       0%         N/A       88%         3
 Stone Arrow              Conj/Erth      0%         3d7       88%         3
 Tukima's Dance           Hex            0%         N/A       88%         3
 Blade Hands              Tmut           0%         N/A       100%        5
 Chain Lightning          Conj/Air       0%         N/A       100%        9
 Fire Storm               Conj/Fire      0%         5d1       100%        9
 Shatter                  Erth           0%         3d5*      100%        9


Dungeon Overview and Level Annotations

Branches:
Dungeon (9/15)             Temple (0/1) D:4
   Lair: D:8-11         Orc: D:9-12

Altars:
Ashenzari
Dithmenos
Gozag
Nemelex Xobeh
Okawaru
Qazlal
Trog
Vehumet
Wu Jian
Xom
The Shining One

Shops:
D:4 !   D:7 (   D:8 !

Annotations:
D:9 Gastronok


Innate Abilities, Weirdness & Mutations

You have a pair of antennae on your head.
You are partially covered in molten scales. (AC +2)
You are mostly covered in sharp spines.


Message History

Gastronok is moderately wounded.
You hit Gastronok.
Gastronok is moderately wounded.
You hit Gastronok but do no damage.
Gastronok is moderately wounded.
Gastronok is struck by your spines. Gastronok bites you but does no damage.
You hit Gastronok but do no damage. You punch Gastronok.
Gastronok is moderately wounded.
You hit Gastronok but do no damage.
Gastronok is moderately wounded.
Gastronok's eyestalks stretch out, then return to normal size.
You hit Gastronok.
Gastronok is heavily wounded.
You hit Gastronok.
Gastronok is heavily wounded.
You slash Gastronok!
Gastronok is heavily wounded.
Gastronok waves his eye-stalks in wide circles.
The air twists around and strikes you!!
You hit Gastronok but do no damage.
Gastronok is heavily wounded.
You hit Gastronok.
Gastronok is heavily wounded.
Gastronok bites you.
You hit Gastronok.
Gastronok is heavily wounded.
You hit Gastronok.
Gastronok is heavily wounded.
You hit Gastronok.
Gastronok is heavily wounded.
Gastronok waves his eye-stalks in wide circles.
The air twists around and strikes you!
* * * LOW HITPOINT WARNING * * *
You hit Gastronok.
Gastronok is heavily wounded.
You hit Gastronok.
Gastronok is severely wounded.
Gastronok waves his eye-stalks in wide circles.
The air twists around and strikes you!!
You die...

#.... #.# #....#
#.# #....# #.#
##....###.##
#.......)..##...
#.......).)<.....
#..........######
#..........+
#....w@....#
#..........#
#..........#
#..........#
############


You could see Gastronok.

Vanquished Creatures
  Joseph (D:7)
  Psyche (D:8)
  Prince Ribbit (D:7)
  Grinder (D:4)
  A wyvern (D:9)
  Eustachio (D:5)
  Menkaure (D:7)
  Edmund (D:5)
  2 water moccasins (D:6)
  Duvessa (D:7)
  3 sky beasts
  2 ice beasts
  An orc warrior (D:6)
  2 black bears
  2 centaurs (D:8)
  An ogre (D:7)
  4 phantoms
  A kobold brigand (D:6)
  2 bullfrogs
  A scorpion (D:5)
  9 wights
  Dowan (D:7)
  A water moccasin skeleton (D:4)
  3 killer bees (D:8)
  A howler monkey (D:6)
  2 centaur zombies (D:4)
  2 hounds
  2 orc priests
  A scorpion zombie (D:4)
  Terence (D:2)
  2 iguanas
  8 orc wizards
  Robin (D:2)
  7 gnolls
  5 adders
  2 adder zombies (D:4)
  4 worms
  2 dart slugs (D:3)
  20 orcs
  3 bats
  6 endoplasms
  2 giant cockroaches
  17 goblins
  13 hobgoblins
  4 jackals (D:1)
  13 kobolds
  3 quokkas
  6 ball pythons
  4 frilled lizards
  A jackal zombie (D:4)
  7 rats
183 creatures vanquished.

Notes
Turn   | Place    | Note
-------+----------+-------------------------------------------
     0 | Abyss:1  | moldycheese5 the Demonspawn Abyssal Knight began the quest
                  | for the Orb.
     0 | Abyss:1  | Reached XP level 1. HP: 18/18 MP: 2/2
    30 | Abyss:1  | Found a corrupted altar of Lugonu.
    36 | D:1      | Escaped the Abyss
   506 | D:1      | Gained mutation: You are partially covered in sharp spines.
                  | [demonic ancestry]
   506 | D:1      | Reached XP level 2. HP: 23/24 MP: 4/4
  1031 | D:1      | Reached skill level 2 in Long Blades
  1064 | D:1      | Gained mutation: You have a pair of small antennae on your
                  | head. [demonic ancestry]
  1064 | D:1      | Reached XP level 3. HP: 29/29 MP: 5/5
  1933 | D:2      | Reached skill level 1 in Dodging
  1991 | D:2      | Reached *** piety under Lugonu
  2044 | D:2      | Noticed Robin
  2058 | D:2      | Gained mutation: You are mostly covered in sharp spines.
                  | [demonic ancestry]
  2058 | D:2      | Reached XP level 4. HP: 30/35 MP: 6/6
  2063 | D:2      | Killed Robin
  2375 | D:2      | Reached skill level 3 in Long Blades
  2694 | D:2      | Identified the +5 scale mail of Light {Str-3 Int+8}
  2740 | D:2      | Noticed Terence
  2747 | D:2      | Killed Terence
  2748 | D:2      | Gained mutation: You have a pair of antennae on your head.
                  | [demonic ancestry]
  2748 | D:2      | Reached XP level 5. HP: 29/42 MP: 7/7
  3263 | D:3      | Found a faded altar of an unknown god.
  3291 | D:3      | Reached **** piety under Lugonu
  3701 | D:4      | Found Umecua's Distillery.
  3708 | D:4      | Bought a potion of heal wounds for 55 gold pieces
  3708 | D:4      | Bought a potion of heal wounds for 55 gold pieces
  3716 | D:4      | Noticed a phantom
  3733 | D:4      | Killed a phantom
  3734 | D:4      | Gained mutation: You are partially covered in molten
                  | scales. (AC +2) [demonic ancestry]
  3734 | D:4      | Reached XP level 6. HP: 34/48 MP: 8/8
  3822 | D:4      | Found a staircase to the Ecumenical Temple.
  3917 | D:4      | Found a stormy altar of Qazlal.
  3919 | D:4      | Noticed Grinder
  3930 | D:4      | Paralysed by Grinder for 2 turns
  3935 | D:4      | Paralysed by Grinder for 5 turns
  3942 | D:4      | Paralysed by Grinder for 2 turns
  3947 | D:4      | Paralysed by Grinder for 2 turns
  3951 | D:4      | Killed Grinder
  3952 | D:4      | Reached skill level 4 in Long Blades
  4071 | D:4      | Reached XP level 7. HP: 53/54 MP: 9/9
  4165 | D:4      | Reached skill level 5 in Long Blades
  4490 | D:5      | Entered Level 5 of the Dungeon
  4511 | D:5      | Reached skill level 5 in Armour
  4524 | D:5      | Noticed Eustachio
  4556 | D:5      | Killed Eustachio
  4557 | D:5      | Reached XP level 8. HP: 13/61 MP: 10/10
  4877 | D:5      | Noticed Edmund
  4895 | D:5      | Killed Edmund
  4896 | D:5      | Reached skill level 6 in Long Blades
  5100 | D:5      | Reached skill level 1 in Stealth
  5295 | D:6      | Reached skill level 5 in Fighting
  5295 | D:6      | Reached skill level 7 in Long Blades
  6154 | D:6      | Reached XP level 9. HP: 22/68 MP: 11/11
  6809 | D:7      | Noticed Menkaure
  6816 | D:7      | Reached skill level 8 in Long Blades
  6819 | D:7      | Killed Menkaure
  6820 | D:7      | Found Xaudghuan's Weapon Emporium.
  7064 | D:7      | Noticed Joseph
  7084 | D:7      | Killed Joseph
  7342 | D:7      | Found a sparkling altar of Nemelex Xobeh.
  7542 | D:7      | Noticed Dowan
  7548 | D:7      | Noticed Duvessa
  7551 | D:7      | Killed Dowan
  7560 | D:7      | Killed Duvessa
  7862 | D:7      | Noticed Prince Ribbit
  7876 | D:7      | Killed Prince Ribbit
  8043 | D:8      | Noticed Psyche
  8057 | D:8      | Killed Psyche
  8441 | D:8      | Found Seothroq's Distillery.
  8446 | D:8      | Bought a potion of ambrosia for 96 gold pieces
  8446 | D:8      | Bought a potion of curing for 36 gold pieces
  8446 | D:8      | Bought a potion of mutation for 96 gold pieces
  8446 | D:8      | Bought a potion of heal wounds for 60 gold pieces
  8446 | D:8      | Bought a potion of curing for 36 gold pieces
  8497 | D:8      | Reached XP level 10. HP: 77/77 MP: 12/12
  8584 | D:8      | Reached skill level 9 in Long Blades
  8593 | D:8      | Reached ***** piety under Lugonu
  9607 | D:9      | Found an iron altar of Okawaru.
  9607 | D:9      | Found a broken altar of Ashenzari.
  9607 | D:9      | Found a shadowy altar of Dithmenos.
  9609 | D:9      | Found an opulent altar of Gozag.
  9609 | D:9      | Found an ornate altar of the Wu Jian Council.
  9609 | D:9      | Found a shimmering altar of Xom.
  9611 | D:9      | Found a bloodstained altar of Trog.
  9611 | D:9      | Found a radiant altar of Vehumet.
  9691 | D:9      | Noticed Gastronok
  9727 | D:9      | Killed from afar by Gastronok

Illustrated notes

Levels and vault maps discovered:
D:1:      lemuel_arrival_tunnels, layout_basic, minmay_tetromino_t2
D:2:      minmay_door_path, layout_basic, uniq_terence, uniq_robin
D:3:      layout_basic, shapermc_ecumenical_altar_mp_highgroup
D:4:      layout_rooms, kennysheep_mini_moat, minmay_temple_entry_slanted,
          serial_shops, shop, serial_undead, serial_undead_c, serial_undead_d,
          serial_undead_d, serial_undead_e, serial_undead_e, serial_undead_e,
          uniq_grinder
D:5:      layout_rooms, uniq_eustachio, uniq_edmund
D:6:      layout_gridville
D:7:      layout_gridville, lemuel_round_altar, serial_shops,
          nicolae_shop_hallway_plus, minivault_24, nrook_pool_corridor,
          uniq_duvessa, uniq_prince_ribbit1, uniq_menkaure, uniq_joseph
D:8:      layout_layer_cave, serial_shops, kennysheep_little_box, uniq_psyche
D:9:      kennysheep_ambush_hall, layout_basic, nicolae_overflows_in_rows,
          serial_shops, nicolae_lakefront_shop, uniq_gastronok, uniq_pikel,
          uniq_erica

Skill      XL: |  1  2  3  4  5  6  7  8  9 10 |
---------------+-------------------------------+-----
Armour         | 2 3 4 5 7 8 |  8.0
Long Blades    | 2 3 4 5 7 8 9 |  9.1
Dodging        | 1 2 3 |  3.6
Fighting       | 4 5 6 |  6.8
Stealth        | 1 2 |  2.0
Invocations    | |  2.8

Action                   |  1- 3 |  4- 6 |  7- 9 | 10-12 || total
-------------------------+-------+-------+-------+-------++-------
Melee: Falchion          |    97 |    88 |   260 |    81 ||   526
       Punch             |       |     1 |     7 |     3 ||    11
  Use: Potion            |       |     1 |     1 |     1 ||     3
       Scroll            |       |       |    18 |       ||    18
Armor: Ring mail         |    18 |       |       |       ||    18
       Leather armour    |     4 |       |       |       ||     4
       Scale mail        |    23 |    40 |   165 |    94 ||   322
Dodge: Dodged            |    59 |    38 |   106 |    39 ||   242

Table legend: (Time is in decaauts)
 A = Elapsed time spent in this place.
 B = Non-inter-level travel time spent in this place.
 C = Inter-level travel time spent in this place.
 D = Time resting spent in this place.
 E = Time spent auto-exploring this place.
 F = Levels seen in this place.
 G = Mean time per level.
                   A        B        C        D        E       F      G
               +--------+--------+--------+--------+--------+-----+--------+
         Total |   9732 |   9153 |    579 |   1509 |   6149 |  10 |  973.2 |
       Dungeon |   9696 |   9117 |    579 |   1509 |   6149 |   9 | 1077.3 |
         Abyss |     36 |     36 |      0 |      0 |      0 |   1 |   36.0 |
               +--------+--------+--------+--------+--------+-----+--------+

Top non-repeatable levels by time:
     D:1: 1807 daAuts
     D:8: 1555 daAuts
     D:6: 1529 daAuts
     D:7: 1289 daAuts
     D:2: 1250 daAuts
     D:4: 798 daAuts
     D:5: 702 daAuts
     D:3: 630 daAuts
     D:9: 133 daAuts
 Abyss:1: 36 daAuts
